 Dungeon Crawl Stone Soup version 0.29-a0-822-ga620ab95ad (webtiles) character file.

Game seed: 8727688888245928763

86 DungeonMaster the Magician (level 4, 16/30 HPs)
             Began as a Demonspawn Hedge Wizard on July 7, 2022.
             Quit the game on level 3 of the Dungeon.
             The game lasted 00:02:49 (2428 turns).

DungeonMaster the Magician (DsHW)                   Turns: 2428, Time: 00:02:50

Health: 16/30      AC:  2    Str: 10    XL:     4   Next: 27%
Magic:  10/10      EV: 17    Int: 17    God:
Gold:   124        SH:  0    Dex: 13    Spells: 10/11 levels left

rFire   . . .      SeeInvis .   a - +2 hand axe (elec)
rCold   . . .      Faith    .   (no shield)
rNeg    . . .      Spirit   .   b - +0 robe
rPois   .          Reflect  .   c - +0 hat
rElec   .          Harm     .   (no cloak)
rCorr   .          Rampage  .   (no gloves)
Will    .....                   (no boots)
Stlth   ++........              (no amulet)
HPRegen 0.10/turn               (no ring)
MPRegen 0.12/turn               (no ring)

@: agile
A: powered by pain 1, weakness stinger 1
a: no special abilities


You were on level 3 of the Dungeon.
You visited 1 branch of the dungeon, and saw 3 of its levels.

You collected 124 gold pieces.

Inventory:

Hand Weapons
 a - a +2 hand axe of electrocution (weapon)
 s - a +0 dagger of flaming
Missiles
 f - 16 stones
 g - 4 poisoned darts
 k - 4 javelins
Armour
 b - a +0 robe (worn)
 c - a +0 hat (worn)
Jewellery
 h - a ring of willpower
 j - a ring of see invisible
Scrolls
 e - a scroll of teleportation
Potions
 d - a potion of magic
 m - a potion of haste {unknown}
 n - a potion of curing {unknown}


   Skills:
 - Level 1.7 Dodging
 - Level 1.7 Stealth
 * Level 4.0 Spellcasting
 * Level 3.0 Conjurations
 - Level 1.0 Summonings
 - Level 0.8 Translocations


You had 10 spell levels left.
You knew the following spells:

 Your Spells              Type           Power      Damage    Failure   Level
a - Magic Dart            Conj           52%        1d5       4%          1

Your spell library contained the following spells:

 Spells                   Type           Power      Damage    Failure   Level
 Slow                     Hex            12%        N/A       16%         1
 Call Imp                 Summ           6%         N/A       16%         2
 Blink                    Tloc           12%        N/A       17%         2
 Conjure Flame            Conj/Fire      8%         6-21      26%         3
 Mephitic Cloud           Conj/Pois/Air  6%         N/A       30%         3
 Airstrike                Air            1%         0-2+      83%         4
 Alistair's Intoxication  Tmut/Pois      2%         N/A       99%         5


Dungeon Overview and Level Annotations

Branches:
Dungeon (3/15)

Altars:

Shops:
D:1 [


Innate Abilities, Weirdness & Mutations

You sometimes gain a little power by taking damage.
You have a small tail.


Message History

Okay, then.
(D) Dungeon
Where to? (Enter - D:2, ? - help)
There is a stone staircase leading down here.
You climb downwards.
There is a stone staircase leading up here.
An iguana comes into view.
The iguana hisses angrily.
Casting: Magic Dart (safe; 5% risk of failure)
Confirm with . or Enter, or press ? or * to list all spells.
Aiming: Magic Dart (safe; 5% risk of failure)
Press: ? - help, Shift-Dir - straight line, f - iguana
Aim: an iguana (100% to hit)
The magic dart hits the iguana but does no damage.
The iguana bites you.
You hit the iguana.
The iguana is lightly wounded.
The iguana closely misses you.
You closely miss the iguana. Your punch misses the iguana.
The iguana barely misses you.
You hit the iguana.
The iguana is lightly wounded.
The iguana barely misses you.
You hit the iguana. Lightning courses through the iguana!
The iguana is almost dead.
The iguana closely misses you. x2
You barely miss the iguana.
The iguana is almost dead.
The iguana bites you!
You focus on the pain.
You feel agile all of a sudden.
You hit the iguana.
You kill the iguana!
Your Spellcasting skill increases to level 4!
Your Conjurations skill increases to level 3!
You have reached level 4!
You feel agile.
You feel monstrous as your demonic heritage exerts itself.
Your demonic ancestry asserts itself...
You grow a small tail.
Are you sure you want to abandon this character and quit the game? (Confirm with "yes".)

####### #
#.<...###
#.#.........
#.†@....####
###.....#
#.....#
###..## ..#
... ....
.##.


There were no monsters in sight!

Vanquished Creatures
  An iguana (D:3)
  2 adders (D:2)
  6 bats
  4 endoplasms
  A giant cockroach (D:1)
  5 goblins
  4 hobgoblins
  3 quokkas (D:1)
  4 ball pythons (D:1)
  3 frilled lizards (D:1)
  3 kobolds
  2 rats (D:2)
38 creatures vanquished.

Notes
Turn   | Place    | Note
-------+----------+-------------------------------------------
     0 | D:1      | DungeonMaster the Demonspawn Hedge Wizard began the quest
                  | for the Orb.
     0 | D:1      | Reached XP level 1. HP: 13/13 MP: 4/4
   268 | D:1      | Gained mutation: You sometimes gain a little power by
                  | taking damage. [demonic ancestry]
   268 | D:1      | Reached XP level 2. HP: 19/19 MP: 1/6
   595 | D:1      | Found a faded altar of an unknown god.
   692 | D:1      | Found Koyjeudd's Armour Shoppe.
  1182 | D:2      | Reached XP level 3. HP: 23/24 MP: 4/8
  2083 | D:2      | Got the Handbook of Cloudy Metamorphosis
  2428 | D:3      | Reached skill level 4 in Spellcasting
  2428 | D:3      | Discovered your monstrous ancestry.
  2428 | D:3      | Gained mutation: You have a small tail. [demonic ancestry]
  2428 | D:3      | Reached XP level 4. HP: 16/30 MP: 10/10
  2428 | D:3      | Quit the game

Illustrated notes

Levels and vault maps discovered:
D:1:      sevenhm_arrival_forest_fort_small_4, layout_rooms, serial_shops,
          nicolae_shop_hallway_plus, ebering_ecumenical_altar_sacrificial
D:2:      layout_basic
D:3:      layout_loops_ring

Skill      XL: |  1  2  3 |
---------------+----------+-----
Conjurations   | 2 3 |  3.0
Spellcasting   | 4 |  4.0
Dodging        | |  1.7
Stealth        | |  1.7
Summonings     | |  1.0
Translocations | |  0.8

Action                   |  1- 3 |  4- 6 || total
-------------------------+-------+-------++-------
Melee: Hand axe          |    28 |       ||    28
 Cast: Magic Dart        |    90 |       ||    90
  Use: Scroll            |     4 |       ||     4
Armor: Robe              |     8 |       ||     8
Dodge: Dodged            |    32 |       ||    32

Table legend: (Time is in decaauts)
 A = Elapsed time spent in this place.
 B = Non-inter-level travel time spent in this place.
 C = Inter-level travel time spent in this place.
 D = Time resting spent in this place.
 E = Time spent auto-exploring this place.
 F = Levels seen in this place.
 G = Mean time per level.
                   A        B        C        D        E       F      G
               +--------+--------+--------+--------+--------+-----+--------+
         Total |   2452 |   2431 |     21 |    788 |   1388 |   3 |  817.3 |
       Dungeon |   2452 |   2431 |     21 |    788 |   1388 |   3 |  817.3 |
               +--------+--------+--------+--------+--------+-----+--------+

Top non-repeatable levels by time:
     D:2: 1371 daAuts
     D:1: 1069 daAuts
     D:3: 11 daAuts
